 Dungeon Crawl Stone Soup version 0.17-a0-802-g1f09329 (webtiles) character file.

1756 FedoraBrony69 the Thaumaturge (level 8, 0/41 HPs)
             Began as a Deep Elf Conjurer on Apr 26, 2015.
             Was a Believer of Vehumet.
             Killed from afar by an electric eel (7 damage)
             ... with a bolt of electricity
             ... on level 6 of the Dungeon.
             The game lasted 00:20:41 (6610 turns).

FedoraBrony69 the Thaumaturge (Deep Elf Conjurer)   Turns: 6610, Time: 00:20:41

Health: 0/41       AC:  7    Str:  5    XL:     8   Next: 78%
Magic:  21/23      EV: 13    Int: 26    God:    Vehumet [**....]
Gold:   299        SH:  0    Dex: 15    Spells: 3 memorised, 16 levels left

rFire  + . .     SeeInvis .     j - +0 dagger
rCold  + . .     Clarity  .     x - +2 robe {rC+ rF+}
rNeg   . . .     SustAb   .     (no shield)
rPois  .         Gourm    .     o - +0 helmet
rElec  .         Spirit   .     (no cloak)
rCorr  .         Warding  .     i - +0 pair of gloves
rMut   .         Stasis   .     w - +0 pair of boots
MR     .....                    (no amulet)
Stlth  ++........               (no ring)
                                q - +3 ring of intelligence

@: not resistant to hostile enchantments, unstealthy
A: no striking features
a: Renounce Religion


You were on level 6 of the Dungeon.
You worshipped Vehumet.
Vehumet was pleased with you.
You were very hungry.

You visited 2 branches of the dungeon, and saw 7 of its levels.

You collected 299 gold pieces.

Inventory:

Hand weapons
 j - a +0 dagger (weapon)
 m - a +0 club
Armour
 a - a +0 robe
 g - a cursed +0 large shield
 i - a +0 pair of gloves (worn)
 k - a +2 robe of positive energy
 o - a +0 helmet (worn)
 t - a quicksilver dragon hide
 w - a +0 pair of boots (worn)
 x - a +2 robe of resistance (worn)
 z - a +0 robe of positive energy
Jewellery
 q - a +3 ring of intelligence (left hand)
Scrolls
 e - 2 scrolls of teleportation {unknown}
 f - 5 scrolls of identify {unknown}
 h - 3 scrolls of remove curse {unknown}
 l - a scroll of fog {unknown}
 v - a scroll of noise {unknown}
 y - a scroll of torment {unknown}
Potions
 n - a potion of cancellation {unknown}
 p - a potion of curing {unknown}
 s - 2 potions of heal wounds {unknown}
 B - a potion of might {unknown}
 C - a potion of resistance {unknown}
Books
 b - a book of Conjurations

   Spells                             Type                      Level
   a - Magic Dart                     Conjuration                  1
   b - Searing Ray                    Conjuration                  2
   c - Dazzling Spray                 Conjuration/Hexes            3
   d - Fulminant Prism                Conjuration/Hexes            4
   e - Iskenderun's Mystic Blast      Conjuration                  4
   f - Iskenderun's Battlesphere      Conjuration/Charms           5
Comestibles
 c - 2 bread rations
 d - 5 meat rations
 r - 5 fruits
 A - 3 beef jerkies


   Skills:
 - Level 2.4 Dodging
 - Level 2.4 Stealth
 * Level 9.5 Spellcasting
 * Level 8.8 Conjurations
 + Level 7.9 Charms


You had 16 spell levels left.
You knew the following spells:

 Your Spells              Type           Power        Failure   Level  Hunger
a - Magic Dart            Conj           ####         1%          1    None
b - Iskenderun's Battles  Conj/Chrm      ######..     6%          5    ####...
c - Iskenderun's Mystic   Conj           ######..     1%          4    #......


Dungeon Overview and Level Annotations

Branches:
Dungeon (6/15)             Temple (1/1) D:4

Altars:
Ashenzari
Cheibriados
Dithmenos
Elyvilon
Fedhas
Gozag
Kikubaaqudgha
Makhleb
Nemelex Xobeh
Okawaru
Qazlal
Ru
Sif Muna
Trog
Vehumet
Zin
The Shining One


Message History

The bolt of electricity hits the plant.
The bolt of electricity hits you!
The electric eel shoots out a bolt of lightning at you!
The bolt of electricity hits the plant.
The bolt of electricity misses you.
Casting: Iskenderun's Battlesphere
Confirm with . or Enter, or press ? or * to list all spells.
You can't see any susceptible monsters within range! (Use Z to cast anyway.) Unknown command.
The electric eel shoots out a bolt of lightning at you!
The bolt of electricity hits the plant. x2
The bolt of electricity hits you!
The electric eel shoots out a bolt of lightning at you!
The bolt of electricity hits the plant. x2
The bolt of electricity hits you!
* * * LOW HITPOINT WARNING * * *
The bolt of electricity hits your battlesphere.
Your battlesphere completely resists.
The electric eel shoots out a bolt of lightning at you!
The bolt of electricity hits the plant. x2
The bolt of electricity hits you!
You die...

#.# #.........................
#.# #>...........)............
#.####.###........####..####.##
#......# #........####........#
######.# #...........P.≈.P.....
#.# #........##.≈P≈P≈.#.##
♣♣♣##.###.*..$...##PP≈≈≈P.P...
♣≈≈P≈≈P≈≈..........P≈≈≈≈≈PP.##
♣≈P≈≈PP≈PPP....@....≈≈≈≈♣≈♣PP.#
≈≈≈≈≈≈≈;PP≈..:......P≈≈≈♣♣≈≈.P#
≈≈≈≈≈;PPP≈.........≈.≈♣♣P♣≈≈≈P##
≈≈≈≈≈≈P≈≈P.........PP♣PPPP≈≈♣.P.
≈≈≈≈≈≈≈P≈...#####PP♣≈P.PPP♣♣PP#
≈≈≈P≈≈PP≈.. ...PP≈≈..P≈P≈♣P≈#
≈≈P≈≈≈PP.. ..PP≈≈P.....P≈≈P.
≈≈≈≈.. ..≈P♣≈P...##.≈P.. ≈ ≈.
..P.P≈PP.....P≈♣P.


You could see an electric eel.

Vanquished Creatures
  The ghost of FedoraBrony69 the Magician, an experienced DECj of Sif Muna (D:5)
  Sigmund (D:2)
  A water moccasin (D:5)
  An ice beast (D:6)
  A sky beast (D:6)
  A scorpion (D:6)
  3 electric eels (D:6)
  A jelly (D:6)
  5 orc priests
  2 hounds
  A quasit (D:5)
  A gnoll shaman (D:5)
  6 orc wizards
  2 worker ants
  An iguana (D:5)
  A hound zombie (D:4)
  Robin (D:2)
  11 adders
  15 gnolls
  An ooze (D:3)
  An adder skeleton (D:5)
  8 worms
  3 giant geckos
  12 orcs
  13 bats
  A bat skeleton (D:5)
  6 giant cockroaches
  18 goblins
  7 hobgoblins
  7 jackals
  2 quokkas
  A giant gecko skeleton (D:4)
  3 giant newts
  10 kobolds
  A quokka skeleton (D:5)
  13 rats
163 creatures vanquished.

Notes
Turn   | Place    | Note
--------------------------------------------------------------
     0 | D:1      | FedoraBrony69, the Deep Elf Conjurer, began the quest for the Orb.
     0 | D:1      | Reached XP level 1. HP: 10/10 MP: 6/6
   208 | D:1      | Reached XP level 2. HP: 13/15 MP: 5/8
   668 | D:2      | Found a blossoming altar of Fedhas.
   675 | D:2      | Found a shadowy altar of Dithmenos.
   764 | D:2      | Reached skill level 5 in Conjurations
   764 | D:2      | Reached XP level 3. HP: 19/19 MP: 6/10
  1108 | D:2      | Noticed Sigmund
  1277 | D:2      | Noticed Robin
  1300 | D:2      | Reached XP level 4. HP: 17/24 MP: 9/12
  1372 | D:2      | Killed Robin
  1686 | D:2      | Reached skill level 5 in Spellcasting
  1847 | D:2      | Learned a level 4 spell: Iskenderun's Mystic Blast
  2136 | D:2      | Killed Sigmund
  2136 | D:2      | Reached skill level 6 in Spellcasting
  2136 | D:2      | Reached XP level 5. HP: 28/28 MP: 5/15
  2136 | D:2      | Reached XP level 6. HP: 32/32 MP: 5/17
  2143 | D:2      | Learned a level 5 spell: Iskenderun's Battlesphere
  2561 | D:3      | Found a sacrificial altar of Ru.
  2566 | D:3      | Found a glowing golden altar of the Shining One.
  3294 | D:4      | Reached skill level 1 in Charms
  3368 | D:4      | Found a staircase to the Ecumenical Temple.
  3388 | Temple   | Entered the Ecumenical Temple
  3397 | Temple   | Became a worshipper of Vehumet
  3524 | D:4      | Reached skill level 7 in Spellcasting
  3741 | D:4      | Reached XP level 7. HP: 36/36 MP: 16/19
  3800 | D:4      | Acquired Vehumet's first power
  3800 | D:4      | Offered knowledge of Sandblast by Vehumet.
  3857 | D:5      | Entered Level 5 of the Dungeon
  4364 | D:5      | Noticed FedoraBrony69's ghost (experienced DECj)
  4369 | D:5      | Killed FedoraBrony69's ghost
  4369 | D:5      | Reached skill level 8 in Spellcasting
  4369 | D:5      | Reached skill level 5 in Charms
  4416 | D:5      | Reached XP level 8. HP: 25/41 MP: 1/22
  4427 | D:5      | Offered knowledge of Throw Frost by Vehumet.
  5116 | D:5      | Found a sparkling altar of Nemelex Xobeh.
  5783 | D:6      | Reached skill level 9 in Spellcasting
  5917 | D:6      | Offered knowledge of Conjure Flame by Vehumet.
  6281 | D:6      | HP: 2/41 [electric eel/bolt of electricity (3)]
  6610 | D:6      | Killed from afar by an electric eel

Action                   |  1- 3 |  4- 6 |  7- 9 || total
-------------------------+-------+-------+-------++-------
Melee: Dagger            |     2 |    13 |    14 ||    29
 Cast: Magic Dart        |    76 |   158 |   131 ||   365
       Iskenderun's Myst |       |     5 |    23 ||    28
       Iskenderun's Batt |       |       |     6 ||     6
  Eat: Chunk             |     1 |     8 |     8 ||    17
       Beef jerky        |       |       |     1 ||     1
